 Dungeon Crawl Stone Soup version 0.28.0-45-g0d030f2227 (webtiles) character file.

Game seed: 16951500505926608663

1992 Kidiri the Cleaver (level 9, -5/78 HPs)
             Began as a Minotaur Fighter on May 6, 2022.
             Slain by an orc knight
             ... wielding a +0 war axe
              (19 damage)
             ... in a bailey.
             The game lasted 00:19:08 (5436 turns).

Kidiri the Cleaver (Minotaur Fighter)               Turns: 5436, Time: 00:19:08

Health: -5/78      AC: 12    Str: 25    XL:     9   Next: 1%
Magic:  17/17      EV:  9    Int:  5    God:
Gold:   759        SH:  0    Dex: 10    Spells: 8/8 levels left

rFire   . . .      SeeInvis .   q - +1 battleaxe
rCold   . . .      Faith    .   (shield currently unavailable)
rNeg    . . .      Spirit   .   w - +0 chain mail
rPois   .          Reflect  +   (helmet restricted)
rElec   .          Harm     .   (no cloak)
rCorr   .          Rampage  .   (no gloves)
Will    .....                   o - +0 pair of boots
Stlth   ..........              i - amulet of reflection
HPRegen 0.23/turn               h - ring of magical power
MPRegen 0.15/turn               (no ring)

@: confused, weak-willed, ambrosia-drunk, attractive
A: horns 2, retaliatory headbutt
a: no special abilities


You were in a bailey.
You visited 1 branch of the dungeon, and saw 6 of its levels.
You also visited: Bailey.

You collected 759 gold pieces.

Inventory:

Hand Weapons
 a - a +0 war axe
 d - a +0 hand axe of venom
 q - a +1 battleaxe (weapon)
Missiles
 g - 133 stones (quivered)
Armour
 b - a +0 scale mail
 c - a +0 buckler
 o - a +0 pair of boots (worn)
 w - a +0 chain mail (worn)
Jewellery
 h - a ring of magical power (left hand)
 i - an amulet of reflection (around neck)
 k - an amulet of magic regeneration
 n - a ring of resist corrosion
Scrolls
 e - a scroll of enchant armour
 f - a scroll of teleportation {unknown}
 l - a scroll of magic mapping
 p - 2 scrolls of fear
Potions
 j - a potion of ambrosia
 r - a potion of curing {unknown}
 s - a potion of heal wounds {unknown}
 t - a potion of attraction
 x - a potion of flight


   Skills:
 + Level 6.4 Fighting
 * Level 8.9 Axes
 * Level 8.6 Armour
 - Level 1.1 Dodging
 - Level 1.0 Stealth
 + Level 6.5 Shields


You had 8 spell levels left.
You didn't know any spells.
Your spell library was empty.

Dungeon Overview and Level Annotations

Branches:
Dungeon (7/15)             Bailey (1/1)
 Temple: D:4-7

Altars:
Ru

Annotations:
D:7 2 runed translucent doors


Innate Abilities, Weirdness & Mutations

You have a pair of horns on your head.
You reflexively headbutt those who attack you in melee.


Message History

Magic quickly surges around you.
It was a scroll of vulnerability.
As you read the scroll labelled CYAKUTI NOHYAL, it crumbles to dust.
You hear a loud clanging noise!
It was a scroll of noise.
You hear a shout!
As you read the scroll labelled ACHUUS UQUNU, it crumbles to dust.
It is a scroll of enchant weapon.
Your +0 battleaxe glows red for a moment.
You can't wield that with only one hand.
You start removing your armour.
You continue taking off your +0 buckler. x3
The orc knight hits you with a +0 war axe!!
You continue taking off your +0 buckler.
The orc knight hits you with a +0 war axe.
You finish taking off your +0 buckler.
Okay, then.
Unknown command.
Unknown command.
Unknown command.
Unknown command.
q - a +1 battleaxe (weapon)
You block the orc knight's attack.
Okay, then.
It was a potion of attraction.
You feel attractive to monsters. You block the orc knight's attack.
You slash the orc knight! Your headbutt misses the orc knight.
The orc knight is lightly wounded.
The orc knight hits you with a +0 war axe!
You are confused.
You feel invigorated.
The orc knight hits you but does no damage.
You're too confused to move!
The orc knight hits you with a +0 war axe!
The orc knight hits you with a +0 war axe!!
* * * LOW HITPOINT WARNING * * *
You closely miss the orc knight.
The orc knight is lightly wounded.
The orc knight hits you with a +0 war axe!!
You die...

#### ##...# #...
##########.###########
...(.)((.)..(...@....##
...[($#########o......#
...#'## ######..#
...#$.# ..# .###o.# .
)# '(.### .###...o ...
.# #. ...#..####'####
.#.≈≈
≈≈.####.ogooog####≈≈≈


You could see an orc knight (weak-willed).

Vanquished Creatures
  An orc knight (Bailey)
  4 orc warriors (Bailey)
  A sky beast (D:7)
  An ice beast (D:7)
  A black bear (D:4)
  An ogre (D:7)
  2 centaurs
  2 phantoms
  2 scorpions (D:5)
  2 hounds (D:4)
  A gnoll shaman (D:4)
  2 centaur skeletons
  An iguana (D:4)
  A hound skeleton (D:4)
  7 gnolls
  5 adders
  A shadow imp (D:4)
  2 ufetubi (D:4)
  An adder skeleton (D:3)
  3 worms (D:2)
  4 dart slugs
  5 orcs
  3 bats
  6 endoplasms
  A giant cockroach (D:1)
  9 goblins
  4 hobgoblins
  4 quokkas
  8 ball pythons
  7 frilled lizards
  18 kobolds
  11 rats
121 creatures vanquished.

Vanquished Creatures (others)
  A plant (D:1)
1 creature vanquished.

Grand Total: 122 creatures vanquished

Notes
Turn   | Place    | Note
-------+----------+-------------------------------------------
     0 | D:1      | Kidiri the Minotaur Fighter began the quest for the Orb.
     0 | D:1      | Reached XP level 1. HP: 19/19 MP: 0/0
   196 | D:1      | Reached XP level 2. HP: 25/27 MP: 1/1
   836 | D:2      | Reached XP level 3. HP: 33/33 MP: 2/2
  1034 | D:2      | Reached XP level 4. HP: 20/40 MP: 3/3
  1812 | D:3      | Found a faded altar of an unknown god.
  2243 | D:3      | Reached XP level 5. HP: 13/46 MP: 4/4
  2649 | D:3      | Reached skill level 5 in Axes
  3349 | D:4      | Noticed a phantom
  3360 | D:4      | Reached skill level 5 in Armour
  3360 | D:4      | Reached XP level 6. HP: 52/52 MP: 5/5
  3778 | D:4      | Reached skill level 1 in Dodging
  3778 | D:4      | Reached skill level 1 in Stealth
  3778 | D:4      | Reached XP level 7. HP: 51/60 MP: 6/6
  4128 | D:5      | Entered Level 5 of the Dungeon
  4139 | D:5      | Reached skill level 5 in Shields
  4184 | D:5      | Reached skill level 5 in Fighting
  4202 | D:5      | You fall into a shaft and drop 2 floors!
  4417 | D:7      | Found a sacrificial altar of Ru.
  4511 | D:7      | Found a large runed translucent door.
  4512 | D:7      | Found a large runed translucent door.
  4567 | D:7      | Reached XP level 8. HP: 37/69 MP: 7/7
  4744 | D:7      | Found a flagged portal.
  4829 | Bailey   | Entered a bailey
  4892 | Bailey   | Noticed an orc knight
  4921 | Bailey   | Noticed an orc knight
  5051 | Bailey   | Killed an orc knight
  5330 | Bailey   | Reached XP level 9. HP: 39/78 MP: 8/8
  5436 | Bailey   | Slain by an orc knight

Illustrated notes

Levels and vault maps discovered:
D:1:      saegor_arrival_miasma, layout_basic, serial_forest,
          infiniplex_forest_end_1, infiniplex_forest_lined_room_2,
          infiniplex_forest_end_3, infiniplex_forest_end_3,
          infiniplex_forest_clump_diagonal, serial_park_tiny_1
D:2:      layout_basic, minmay_mini_jars
D:3:      layout_basic, shapermc_ecumenical_altar_acropolis
D:4:      layout_cave_pools, grunt_decor_one_mirror, minmay_small_thing
D:5:      layout_loops_corners, feat_on_display, uniq_eustachio, uniq_grinder
D:7:      layout_basic, mainiacjoe_overflow_six_doors_small,
          jmf_multi_god_temple2, minmay_temple_entry_junction_2, enter_bailey_8
Bailey:   bailey_axe_4, bailey

Skill      XL: |  1  2  3  4  5  6  7  8 |
---------------+-------------------------+-----
Armour         | 4 5 7 8 |  8.6
Axes           | 3 4 5 6 7 8 |  8.9
Shields        | 4 5 6 |  6.5
Fighting       | 4 5 6 |  6.4
Dodging        | 1 |  1.1
Stealth        | 1 |  1.0

Action                   |  1- 3 |  4- 6 |  7- 9 || total
-------------------------+-------+-------+-------++-------
Melee: War axe           |    87 |    98 |    39 ||   224
       Headbutt          |     9 |    15 |    16 ||    40
       Hand axe          |       |    12 |    78 ||    90
       Battleaxe         |       |       |     2 ||     2
Throw: Stone             |       |     1 |    25 ||    26
  Use: Potion            |       |     2 |     3 ||     5
       Scroll            |       |     6 |     4 ||    10
Armor: Scale mail        |    34 |    36 |    33 ||   103
       Chain mail        |       |       |     6 ||     6
Dodge: Dodged            |    25 |    39 |    37 ||   101
Block: Buckler           |    32 |    57 |    45 ||   134
       Reflection        |     2 |       |    10 ||    12
       Other             |       |       |     2 ||     2
